 Dungeon Crawl Stone Soup version 0.28.0-45-g0d030f2227 (webtiles) character file.

Game seed: 5770831819238435333

16335 grandchungus the Severer (level 12, -2/109 (112) HPs)
             Began as a Minotaur Berserker on Apr 6, 2022.
             Was a High Priest of Trog.
             Succumbed to barbed spike wounds
             ... on level 2 of the Orcish Mines on Apr 7, 2022.
             The game lasted 00:59:10 (10398 turns).

grandchungus the Severer (Minotaur Berserker)      Turns: 10398, Time: 00:59:13

HP:   -2/109 (112)  AC: 17    Str: 35    XL:     12   Next: 9%
MP:   11/11         EV:  9    Int:  2    God:    Trog [*****.]
Gold: 1036          SH:  5    Dex: 11    Spells: 11/11 levels left

rFire   + + +      SeeInvis .   J - +1 hand axe (vorpal)
rCold   . . .      Faith    .   E - +0 buckler
rNeg    + . .      Spirit   .   n - +0 plate armour
rPois   +          Reflect  .   (helmet restricted)
rElec   .          Harm     .   e - +0 cloak
rCorr   .          Rampage  .   (no gloves)
Will    ++...                   (no boots)
Stlth   ..........              q - amulet of Rirch {rF++ Regen+ Str+5 Int-4}
HPRegen 2.08/turn               f - ring of Iwyaxt {rPois rF+}
MPRegen 0.12/turn               H - ring "Vulluoc" {rN+ Str+6}

@: strong-willed, spiked, regenerating, lightly drained
A: horns 2, retaliatory headbutt
a: Renounce Religion, Berserk, Trog's Hand, Brothers in Arms


You were on level 2 of the Orcish Mines.
You worshipped Trog.
Trog was extremely pleased with you.
You visited 2 branches of the dungeon, and saw 12 of its levels.
You also visited: Bailey.

You collected 1036 gold pieces.

Inventory:

Hand Weapons
 a - a +1 hand axe
 r - a +2 mace of holy wrath
 y - a +5 flail of holy wrath
 J - a +1 vorpal hand axe (weapon)
 Q - a +5 long sword
 Z - a +0 hand axe
Missiles
 d - 10 poisoned darts (quivered)
Armour
 b - a +0 animal skin
 c - a +1 ring mail
 e - a +0 cloak (worn)
 m - a +0 helmet
 n - a +0 plate armour (worn)
 E - a +0 buckler (worn)
 Y - a +0 troll leather armour
Jewellery
 f - the ring of Iwyaxt (left hand) {rPois rF+}
   (You acquired it on level 2 of the Dungeon)

   [ring of protection from fire]

   rF:        It protects you from fire.
   rPois:     It protects you from poison.
 q - the amulet of Rirch (around neck) {rF++ Regen+ Str+5 Int-4}
   (You acquired it on level 6 of the Dungeon)

   [amulet of regeneration]

   Str:       It affects your strength (+5).
   Int:       It affects your intelligence (-4).
   rF:        It greatly protects you from fire.
   Regen:     It increases your rate of health regeneration.
 s - an amulet of reflection
 z - a ring of ice
 H - the ring "Vulluoc" (right hand) {rN+ Str+6}
   (You found it on level 7 of the Dungeon)

   [ring of strength]

   Str:       It affects your strength (+6).
   rN:        It protects you from negative energy.
 T - an amulet of the acrobat
Wands
 x - a wand of flame (29)
 B - a wand of mindburst (8)
 O - a wand of digging (6)
 R - a wand of paralysis (7)
 W - a wand of iceblast (2)
Scrolls
 g - 2 scrolls of blinking
 k - 4 scrolls of noise
 t - 6 scrolls of teleportation
 u - a scroll of enchant armour
 v - a scroll of enchant weapon
 A - 3 scrolls of fear
 F - a scroll of summoning {unknown}
 G - 4 scrolls of identify
 K - a scroll of brand weapon {unknown}
 L - a scroll of magic mapping {unknown}
 M - 2 scrolls of acquirement
 V - a scroll of fog
Potions
 h - 3 potions of might
 i - 3 potions of heal wounds
 j - 3 potions of curing
 l - 2 potions of lignification
 o - 2 potions of cancellation {unknown}
 p - 3 potions of attraction
 w - a potion of ambrosia {unknown}
 C - 3 potions of haste
 D - a potion of flight {unknown}
 I - 2 potions of invisibility {unknown}
 N - 2 potions of degeneration {unknown}
 P - 2 potions of mutation {unknown}
Miscellaneous
 S - a piece from Xom's chessboard (15/15)
 U - a phial of floods
 X - a piece from Xom's chessboard (15/15)


   Skills:
 + Level 11.8 Fighting
 + Level 15.1 Axes
 + Level 13.4 Armour
 + Level 4.1 Dodging
 + Level 1.1 Stealth
 + Level 4.5 Shields


You had 11 spell levels left.
You didn't know any spells.
Your spell library was empty.

Dungeon Overview and Level Annotations

Branches:
Dungeon (10/15)            Temple (0/1) D:6             Orc (2/2) D:10
    Elf (0/3) Orc:2        Bailey (visited)
   Lair: D:8-11

Altars:
Fedhas
Hepliaklqana
Makhleb
Nemelex Xobeh
Ru
Trog
Vehumet
Yredelemnul
The Shining One

Shops:
D:5 *   D:6 !   Orc:2 !

Annotations:
D:5 Grinder


Innate Abilities, Weirdness & Mutations

You have a pair of horns on your head.
You reflexively headbutt those who attack you in melee.


Message History

The bolt of fire hits you. You resist.
* * * LOW HITPOINT WARNING * * *
The barbed spikes dig painfully into your body as you move.
* * * LOW HITPOINT WARNING * * *
The red devil disappears in a puff of smoke!
The ufetubus hits you.
* * * LOW HITPOINT WARNING * * *
The ufetubus barely misses you.
The ogre mage points at the ogre and mumbles some strange words.
The ogre seems to speed up.
Your skin crawls.
You feel strong-willed.
The ufetubus hits you but does no damage.
The ufetubus completely misses you.
The orc wizard casts a spell.
The orc wizard flickers and vanishes!
The ogre mage casts a spell.
The ogre mage flickers and vanishes!
The barbed spikes dig painfully into your body as you move.
* * * LOW HITPOINT WARNING * * *
The ufetubus hits you but does no damage. x4
You block the ufetubus's attack.
The ufetubus hits you but does no damage.
The barbed spikes dig painfully into your body as you move.
* * * LOW HITPOINT WARNING * * *
The ufetubus hits you.
* * * LOW HITPOINT WARNING * * *
The ufetubus closely misses you.
Items here: ( )) [ ÷÷.
The barbed spikes dig painfully into your body as you move.
* * * LOW HITPOINT WARNING * * *
The ufetubus barely misses you. x2
There is a stone staircase leading up, spattered with blood here.
The ogre hits you with a +0 giant spiked club!
* * * LOW HITPOINT WARNING * * *
You block the ufetubus's attack. x2
The ynoxinul gestures.
The ufetubus hits you but does no damage. x2
The barbed spikes dig painfully into your body as you move.
You die...

##.......................#
##........#............#...
#.#....#...................
#.....................#.∩.#. ..
##.#........................
.#..# ###..........)........##...
.o...###...#..[)[..............#.
.o.....##.....[O)÷........#......
.........o{...T5@................
....#....O..o555................
. #...##.O5O3.............#......
OO #.#o#....O.5...............#..
...##..O...T#..............#..##.
TOO...)....#..........#.#........
OOT##5.....5...........##........
TO ##....#.#....#.....#..........
. #...#........##............##.


You could see a two-headed ogre, a deep troll, a troll, a ynoxinul (summoned),
an orc sorcerer, 4 ogres, an orc and 7 ufetubi.

Vanquished Creatures
  A vault guard (Bailey)
  Erica (D:8)
  A two-headed ogre (Orc:2)
  Pikel (D:5)
  An orc knight (Orc:2)
  2 orc sorcerers (Orc:2)
  Joseph (D:8)
  2 trolls
  A wraith (D:9)
  27 yaks
  5 humans (Bailey)
  Grum (D:8)
  4 vampire mosquitoes (D:10)
  Edmund (D:5)
  2 steam dragons
  Menkaure (D:6)
  A warg (Orc:2)
  2 water moccasins
  A sky beast (D:5)
  2 ice beasts (D:6)
  Duvessa (D:6)
  12 orc warriors
  5 ogres
  A necrophage (D:8)
  A centaur (D:5)
  2 wolves (D:8)
  3 lemures (D:5)
  A kobold brigand (D:8)
  11 bullfrogs
  A wyvern zombie (D:7)
  A water moccasin skeleton (D:4)
  Dowan (D:6)
  A howler monkey (D:4)
  11 wights
  3 electric eels (D:10)
  A lava snake (D:10)
  3 centaur zombies
  A gnoll shaman (D:9)
  3 hounds
  12 orc priests
  A jelly (D:6)
  A bullfrog skeleton (D:7)
  A centaur skeleton (D:7)
  2 iguanas (D:5)
  14 orc wizards
  A killer bee zombie (D:9)
  2 howler monkey zombies
  8 gnolls
  6 adders
  2 ufetubi
  2 worms (D:2)
  2 dart slugs
  95 orcs
  2 bats (D:3)
  6 endoplasms
  4 giant cockroaches
  7 goblins
  3 hobgoblins
  7 jackals
  15 kobolds
  5 quokkas
  9 ball pythons
  6 frilled lizards
  3 rats
337 creatures vanquished.

Vanquished Creatures (collateral kills)
  A vault guard (Bailey)
  Prince Ribbit (Bailey)
2 creatures vanquished.

Vanquished Creatures (others)
  10 plants (D:10)
10 creatures vanquished.

Grand Total: 349 creatures vanquished

Notes
Turn   | Place    | Note
-------+----------+-------------------------------------------
     0 | D:1      | grandchungus the Minotaur Berserker began the quest for the
                  | Orb.
     0 | D:1      | Reached XP level 1. HP: 19/19 MP: 0/0
   357 | D:1      | Reached XP level 2. HP: 27/27 MP: 1/1
   398 | D:1      | Found a faded altar of an unknown god.
   589 | D:1      | Reached skill level 4 in Axes
  1309 | D:2      | Identified a scroll of acquirement
  1309 | D:2      | Acquired the ring of Iwyaxt {rPois rF+}
  1335 | D:2      | Reached XP level 3. HP: 34/34 MP: 2/2
  1440 | D:2      | Found a sparkling altar of Nemelex Xobeh.
  1453 | D:2      | Reached ** piety under Trog
  2034 | D:3      | Found a blossoming altar of Fedhas.
  2206 | D:3      | Reached XP level 4. HP: 41/41 MP: 3/3
  2549 | D:4      | Noticed an ogre
  2556 | D:4      | Killed an ogre
  2557 | D:4      | Reached skill level 5 in Axes
  2557 | D:4      | Reached XP level 5. HP: 21/47 MP: 4/4
  2802 | D:4      | Reached XP level 6. HP: 39/55 MP: 5/5
  2814 | D:4      | Reached skill level 5 in Fighting
  2843 | D:4      | Reached skill level 6 in Axes
  3154 | D:5      | Entered Level 5 of the Dungeon
  3168 | D:5      | Reached skill level 5 in Armour
  3559 | D:5      | Found Kiunau's Overcharged Wands.
  3593 | D:5      | Reached XP level 7. HP: 60/61 MP: 6/6
  3702 | D:5      | Noticed Edmund
  3715 | D:5      | Killed Edmund
  3817 | D:5      | Found a glowing golden altar of the Shining One.
  3858 | D:5      | Found a basalt altar of Yredelemnul.
  3950 | D:5      | Reached skill level 7 in Axes
  3952 | D:5      | Noticed Pikel
  3966 | D:5      | Killed Pikel
  3967 | D:5      | Reached skill level 8 in Axes
  3967 | D:5      | Reached XP level 8. HP: 70/70 MP: 7/7
  4241 | D:5      | Reached skill level 1 in Stealth
  4408 | D:5      | Found a bloodstained altar of Trog.
  4426 | D:5      | Reached *** piety under Trog
  4623 | D:5      | Noticed Grinder
  4826 | D:6      | Acquired the amulet of Rirch {rF++ Regen+ Str+5 Int-4}
  5051 | D:6      | Found a staircase to the Ecumenical Temple.
  5114 | D:6      | Found Qyoschaph's Distillery.
  5183 | D:6      | Reached skill level 9 in Axes
  5579 | D:6      | Noticed Duvessa
  5579 | D:6      | Noticed Dowan
  5592 | D:6      | Killed Dowan
  5593 | D:6      | Killed Duvessa
  5603 | D:6      | Reached skill level 10 in Axes
  5701 | D:6      | Noticed Menkaure
  5709 | D:6      | Killed Menkaure
  5710 | D:6      | Reached XP level 9. HP: 37/79 MP: 8/8
  6264 | D:7      | Found a sacrificial altar of Ru.
  6265 | D:7      | Found a hazy altar of Hepliaklqana.
  6265 | D:7      | Found a radiant altar of Vehumet.
  6432 | D:7      | Reached **** piety under Trog
  6604 | D:7      | Reached skill level 11 in Axes
  6675 | D:7      | Identified the +2 leather armour of the Guild-Master
                  | {Str+4}
  6976 | D:7      | Identified the ring "Vulluoc" {rN+ Str+6}
  7217 | D:8      | Noticed Grum
  7217 | D:8      | Noticed Erica
  7240 | D:8      | Killed Grum
  7245 | D:8      | Killed Erica
  7246 | D:8      | Reached skill level 12 in Axes
  7246 | D:8      | Reached skill level 1 in Shields
  7249 | D:8      | Noticed Joseph
  7285 | D:8      | Killed Joseph
  7286 | D:8      | Reached skill level 10 in Armour
  7286 | D:8      | Reached XP level 10. HP: 25/88 MP: 9/9
  7352 | D:8      | Found a flagged portal.
  7360 | Bailey   | Entered a bailey
  7565 | Bailey   | Noticed a vault guard
  7571 | Bailey   | Killed a vault guard
  7572 | Bailey   | Reached skill level 13 in Axes
  7592 | Bailey   | Noticed Prince Ribbit
  7592 | Bailey   | Noticed a vault guard
  7600 | Bailey   | Killed a vault guard
  7605 | Bailey   | Killed Prince Ribbit
  7809 | D:8      | Reached XP level 11. HP: 99/99 MP: 10/10
  7882 | D:8      | Reached skill level 10 in Fighting
  8459 | D:9      | Reached ***** piety under Trog
  8460 | D:9      | Reached skill level 14 in Axes
  9153 | D:9      | Found a burning altar of Makhleb.
  9215 | D:10     | Entered Level 10 of the Dungeon
  9552 | D:10     | Received a gift from Trog
  9618 | D:10     | Found a staircase to the Orcish Mines.
  9958 | Orc:1    | Entered Level 1 of the Orcish Mines
 10138 | Orc:2    | Entered Level 2 of the Orcish Mines
 10157 | Orc:2    | Noticed an orc knight
 10169 | Orc:2    | Noticed an orc sorcerer
 10176 | Orc:2    | Killed an orc knight
 10177 | Orc:2    | Reached skill level 15 in Axes
 10181 | Orc:2    | Killed an orc sorcerer
 10182 | Orc:2    | Reached XP level 12. HP: 80/110 MP: 11/11
 10211 | Orc:2    | Found a staircase to the Elven Halls.
 10288 | Orc:2    | Found Homnecre's Distillery.
 10308 | Orc:2    | Noticed a two-headed ogre
 10313 | Orc:2    | Killed a two-headed ogre
 10374 | Orc:2    | Noticed an ogre mage
 10375 | Orc:2    | Noticed a two-headed ogre
 10375 | Orc:2    | Noticed an ogre mage
 10375 | Orc:2    | Noticed a two-headed ogre
 10375 | Orc:2    | Noticed a two-headed ogre
 10375 | Orc:2    | Noticed a two-headed ogre
 10375 | Orc:2    | Noticed a two-headed ogre
 10397 | Orc:2    | HP: 5/109 [ogre/+0 giant spiked club (10)]
 10398 | Orc:2    | Succumbed to barbed spike wounds

Illustrated notes

Levels and vault maps discovered:
D:1:      dpeg_arrival_signposts, layout_basic, dreamdust_ecumenical_altar_grove
D:2:      layout_loops_cross, basic_altar
D:3:      layout_basic, general_overflow_altar
D:4:      layout_rooms
D:5:      layout_gridville, trog_butcher_becter, lemuel_tele_altar,
          nicolae_tso_carved_into_rock, nicolae_shop_overcharged_wands,
          uniq_pikel, uniq_edmund, uniq_grinder
D:6:      layout_loops_ring, minmay_temple_entry_mini_moons, serial_rivers,
          chequers_serial_rivers_micro_b, chequers_serial_rivers_micro_c,
          chequers_serial_rivers_micro_c, chequers_serial_rivers_micro_a,
          chequers_serial_rivers_micro_c, kennysheep_windowed_goal,
          uniq_duvessa, uniq_menkaure
D:7:      layout_loops_corners, chequers_temple_overflow_statue_of_worship
D:8:      layout_layer_cave, special_room [special_room_orc], enter_bailey_3,
          uniq_erica, uniq_grum, uniq_joseph
D:9:      layout_loops_cross, marbit_many_paths
D:10:     layout_cave_pools, hiddenorc2_lemuel, serial_bayou,
          serial_bayou_crossing, serial_bayou_ford_a, serial_bayou_pond_a,
          serial_bayou_pond_d, kennysheep_pointless_box, grunt_ministairs_13
Orc:1:    layout_diamond_mine
Orc:2:    st_orc_open, layout_caves, serial_shops, nicolae_shop_stone,
          basic_altar

Skill      XL: |  1  2  3  4  5  6  7  8  9 10 11 |
---------------+----------------------------------+-----
Fighting       | 4 5 6 7 9 11 | 11.8
Axes           | 4 5 6 8 10 12 13 15 | 15.1
Armour         | 3 4 5 7 8 10 11 13 | 13.4
Dodging        | 3 4 |  4.1
Stealth        | 1 |  1.1
Shields        | 1 3 4 |  4.5

Action                   |  1- 3 |  4- 6 |  7- 9 | 10-12 || total
-------------------------+-------+-------+-------+-------++-------
Melee: Hand axe          |   100 |    83 |   275 |   424 ||   882
       Headbutt          |    14 |    17 |    51 |    82 ||   164
       Punch             |       |       |     1 |       ||     1
Invok: Berserk           |       |     1 |     4 |     5 ||    10
       Trog's Hand       |       |       |     2 |     1 ||     3
       Brothers in Arms  |       |       |       |     1 ||     1
  Use: Scroll            |     9 |       |    10 |       ||    19
       Potion            |       |       |     2 |       ||     2
Armor: Ring mail         |    39 |       |       |       ||    39
       Plate armour      |       |    56 |   136 |   173 ||   365
Dodge: Dodged            |    50 |    38 |    91 |   156 ||   335
Block: Buckler           |       |       |    25 |    65 ||    90
